 Dungeon Crawl Stone Soup version 0.28.0-53-g5a82cb258f (webtiles) character file.

Game seed: 11891330451466124037

25 SanguineChosen the Shield-Bearer (level 3, -6/23 HPs)
             Began as a Gargoyle Fighter on July 20, 2022.
             Killed by divine providence
             ... invoked by an orc priest
              (10 damage)
             ... on level 2 of the Dungeon.
             The game lasted 00:01:16 (1076 turns).

SanguineChosen the Shield-Bearer (Gargoyle Fighter) Turns: 1076, Time: 00:01:16

Health: -6/23      AC: 10    Str: 21    XL:     3   Next: 4%
Magic:  3/3        EV:  9    Int:  8    God:
Gold:   26         SH:  4    Dex:  9    Spells: 2/2 levels left

rFire   . . .      SeeInvis .   a - +0 flail
rCold   . . .      Faith    .   c - +0 buckler
rNeg    + . .      Spirit   .   b - +0 scale mail
rPois   ∞          Reflect  .   (no helmet)
rElec   +          Harm     .   (no cloak)
rCorr   .          Rampage  .   (no gloves)
Will    .....                   (no boots)
Stlth   ..........              (no amulet)
HPRegen 0.07/turn               (no ring)
MPRegen 0.08/turn               (no ring)

@: no status effects
A: sickness immunity, AC +3, negative energy resistance 1, electricity
resistance, torment resistance 1, petrification resistance
a: no special abilities


You were on level 2 of the Dungeon.
You visited 1 branch of the dungeon, and saw 2 of its levels.

You collected 26 gold pieces.

Inventory:

Hand Weapons
 a - a +0 flail (weapon)
Armour
 b - a +0 scale mail (worn)
 c - a +0 buckler (worn)
Jewellery
 g - an amulet of guardian spirit
Scrolls
 e - a scroll of identify {unknown}
 f - a scroll of silence {unknown}
Potions
 d - a potion of might


   Skills:
 + Level 3.5 Fighting
 + Level 2.4 Maces & Flails
 + Level 3.4 Armour
 + Level 0.1 Dodging
 + Level 3.8 Shields


You had 2 spell levels left.
You didn't know any spells.
Your spell library contained the following spells:

 Spells                   Type           Power      Damage    Failure   Level
 Gell's Gravitas          Tloc           0%         N/A       99%         3
 Lesser Beckoning         Tloc           0%         N/A       99%         3
 Teleport Other           Tloc           0%         N/A       99%         3


Dungeon Overview and Level Annotations

Branches:
Dungeon (2/15)

Altars:


Innate Abilities, Weirdness & Mutations

You are immune to sickness and miasma.
Your stone body is resilient. (AC +3)
You are immune to poison.
You resist negative energy. (rN+)
You are resistant to electric shocks. (rElec)
You are resistant to unholy torment.
You are immune to petrification.


Message History

You see here a staff of air. 2 orcs and an orc priest come into view.
The orc shouts!
An orc comes into view. It is wielding a +0 short sword.
You see here a staff of air.
You barely miss the orc. The orc hits you with a +0 dagger.
You hit the orc.
The orc is moderately wounded.
You block the orc's attack. The orc hits you with a +0 dagger.
The orc barely misses you.
You sock the orc!
You kill the orc!
The orc barely misses you.
The orc shouts!
Things that are here:
a +0 dagger; an orc corpse The orc priest calls down the wrath of Beogh upon you.
Pain shoots through your body! The orc barely misses you.
You see here a staff of air.
The orc priest looks satisfied for a moment.
The orc hits you with a +0 trident.
Things that are here:
a +0 dagger; an orc corpse You hit the orc.
The orc is heavily wounded.
You block the orc priest's attack. The orc closely misses you.
You hit the orc.
You kill the orc!
The orc priest hits you but does no damage.
The orc priest calls down the wrath of Beogh upon you.
Beogh smites you!
* * * LOW HITPOINT WARNING * * *
You have reached level 3!
Your experience leads to an increase in your attributes!
Increase (S)trength, (I)ntelligence, or (D)exterity?
You feel stronger. x2
You see here a staff of air.
The orc priest calls down the wrath of Beogh upon you.
Beogh smites you!
You die...

#######.#
#).o....# #o#
#|#
#@#############
#.'...#.P.#...#
###...#.P.#...#
#...#####...#
#...........#
#...........#
#...........#
#########'######
##.# #..##....


You could see an orc priest.

Vanquished Creatures
  A dart slug (D:1)
  2 orcs (D:2)
  3 endoplasms
  A giant cockroach (D:1)
  2 goblins (D:1)
  A hobgoblin (D:1)
  3 jackals (D:1)
  3 ball pythons
  A frilled lizard (D:1)
  3 rats (D:1)
20 creatures vanquished.

Notes
Turn   | Place    | Note
-------+----------+-------------------------------------------
     0 | D:1      | SanguineChosen the Gargoyle Fighter began the quest for the
                  | Orb.
     0 | D:1      | Reached XP level 1. HP: 14/14 MP: 1/1
   328 | D:1      | Reached XP level 2. HP: 18/19 MP: 2/2
  1075 | D:2      | Reached XP level 3. HP: 4/23 MP: 3/3
  1076 | D:2      | Killed from afar by an orc priest

Illustrated notes

Levels and vault maps discovered:
D:1:      dpeg_arrival_orchard, layout_basic
D:2:      layout_loops_ring, serial_aquarium, aquarium_bridge_square
          [aquarium_subvault_wall, aquarium_subvault_window,
          aquarium_subvault_window, aquarium_subvault_bridge],
          aquarium_window_corridor_1, aquarium_window_fake, aquarium_view_2g,
          aquarium_view_2g, aquarium_pool_side,
          nicolae_ecumenical_snake_handling, chequers_serial_rivers_micro_e,
          feat_on_display, uniq_robin

Action                   || total
-------------------------++-------
Melee: Flail             ||    58
Armor: Scale mail        ||    33
Dodge: Dodged            ||    27
Block: Buckler           ||     6
